 Dungeon Crawl Stone Soup version 0.28-a0-114-g2bf3c13a2f (webtiles) character file.

Game seed: 11927024095856013507

8495 voltaire321 the Thaumaturge (level 11, -2/96 HPs)
             Began as a Deep Elf Ice Elementalist on Aug 13, 2021.
             Was a Believer of Vehumet.
             Slain by Sin92's ghost (15 damage)
             ... on level 10 of the Dungeon.
             The game lasted 00:52:34 (11642 turns).

voltaire321 the Thaumaturge (DEIE)                 Turns: 11642, Time: 00:52:34

Health: -2/96      AC: 34    Str:  6    XL:     11   Next: 10%
Magic:  16/26      EV:  2    Int: 23    God:    Vehumet [**....]
Gold:   419        SH:  0    Dex: 15    Spells: 5/29 levels left

rFire   . . .      SeeInvis .   i - staff of conjuration
rCold   + . .      Faith    .   (no shield)
rNeg    + + +      Spirit   .   (armour currently unavailable)
rPois   +          Reflect  .   (helmet currently unavailable)
rElec   .          Harm     .   (cloak currently unavailable)
rCorr   .          Rampage  .   (gloves currently unavailable)
Will    +....      NoTele   +   (boots currently unavailable)
Stlth   ++........              o - amulet of regeneration
HPRegen 1.26/turn               A - ring of protection from cold
MPRegen 0.20/turn               l - +4 ring of evasion

@: ice-armoured, tree-form, freezing walls
A: stationary, stasis, torment immunity, boosted hp
a: Renounce Religion


You were on level 10 of the Dungeon.
You worshipped Vehumet.
Vehumet was pleased with you.
You were a tree.
You visited 2 branches of the dungeon, and saw 11 of its levels.

You collected 419 gold pieces.

Inventory:

Hand Weapons
 t - a +2 trident of venom
Missiles
 f - 63 poisoned darts
 F - 2 throwing nets
Armour
 a - the +1 hat "Kyuliyr" (melded) {Contam rPois rF+ SInv}
   (You found it on level 8 of the Dungeon)

   rF:        It protects you from fire.
   rPois:     It protects you from poison.
   SInv:      It lets you see invisible.
   Contam:    It causes magical contamination when unequipped.
 w - the +2 leather armour of Qymnugoe {rN+++ Str+3 Int-3 Slay+5}
   (You found it on level 9 of the Dungeon)

   Str:       It affects your strength (+3).
   Int:       It affects your intelligence (-3).
   Slay:      It affects your accuracy & damage with ranged weapons and melee
   (+5).
   rN:        It renders you almost immune to negative energy.
 H - a +2 robe of fire resistance (melded)
Magical Staves
 i - a staff of conjuration (weapon)
Jewellery
 g - a ring of resist corrosion
 j - an amulet of magic regeneration
 l - a +4 ring of evasion (right branch)
 o - an amulet of regeneration (around neck)
 z - a +4 ring of slaying
 A - a ring of protection from cold (left branch)
Wands
 k - a wand of flame (47)
 q - a wand of paralysis (6)
 s - a wand of iceblast (15)
 y - a wand of acid (16)
 G - a wand of mindburst (9)
Scrolls
 c - 2 scrolls of enchant armour
 m - 2 scrolls of noise {unknown}
 p - 2 scrolls of fear
 u - a scroll of amnesia
 B - a scroll of torment {unknown}
Potions
 b - a potion of brilliance {unknown}
 d - 5 potions of curing
 e - 2 potions of haste
 h - a potion of mutation {unknown}
 n - 2 potions of attraction
 r - a potion of lignification
 v - a potion of might
 x - a potion of magic {unknown}


   Skills:
 + Level 5.7 Fighting
 - Level 6.0 Staves
 - Level 3.0 Armour
 + Level 8.8 Dodging
 - Level 2.4 Stealth
 + Level 9.7 Spellcasting
 + Level 7.3 Conjurations
 + Level 8.9 Ice Magic
 + Level 1.0 Air Magic


You had 5 spell levels left.
You knew the following spells:

 Your Spells              Type           Power      Damage    Failure   Level
a - Freeze                Ice            100%       1d11      1%          1
b - Frozen Ramparts       Ice            100%       1d12      1%          3
c - Ozocubu's Armour      Ice            51%        N/A       1%          3
d - Hailstorm             Conj/Ice       64%        3d14      1%          4
e - Ice Form              Ice/Tmut       31%        N/A       9%          4
f - Summon Ice Beast      Ice/Summ       31%        N/A       9%          4
g - Magic Dart            Conj           100%       1d8       1%          1
h - Airstrike             Air            8%         N/A       36%         4

Your spell library contained the following spells:

 Spells                   Type           Power      Damage    Failure   Level
 Shock                    Conj/Air       100%       1d9       1%          1
 Swiftness                Air            16%        N/A       11%         3
 Animate Armour           Summ/Erth      22%        N/A       50%         4
 Blade Hands              Tmut           5%         N/A       85%         5
 Iron Shot                Conj/Erth      21%        9d5       89%         6


Dungeon Overview and Level Annotations

Branches:
Dungeon (10/15)            Temple (1/1) D:7
   Lair: D:8-11         Orc: D:9-12

Altars:
Ashenzari
Cheibriados
Dithmenos
Elyvilon
Fedhas
Gozag
Hepliaklqana
Kikubaaqudgha
Makhleb
Nemelex Xobeh
Okawaru
Qazlal
Ru
Sif Muna
Trog
Uskayaw
Vehumet
Wu Jian
Xom
Yredelemnul
Zin
The Shining One
Beogh

Shops:
D:8 [

Annotations:
D:4 exclusion: oklob plant
D:8 6 runed translucent doors
D:10 Sin92's ghost, journeyman MiFi; siradein's ghost, journeyman DECj


Message History

Okay, then.
Unknown command.
Casting: Summon Ice Beast (dangerous; 9% risk of failure)
Confirm with . or Enter, or press ? or * to list all spells.
A film of ice covers your body!
Your ice beast hits Sin92's ghost but does no damage.
Sin92's ghost resists.
The wall freezes Sin92's ghost.
Sin92's ghost hits you!
* * * LOW HITPOINT WARNING * * *
Really quaff the potion of lignification?
You turn into a tree.
The +1 hat "Kyuliyr" {Contam rPois rF+ SInv} melds into your body.
Your +2 robe of fire resistance melds into your body.
You feel less resistant to fire.
Your roots penetrate the ground.
Your ice beast hits Sin92's ghost but does no damage.
Sin92's ghost resists.
The wall freezes Sin92's ghost.
Sin92's ghost hits you but does no damage.
Casting: Ozocubu's Armour (safe; 1% risk of failure)
Confirm with . or Enter, or press ? or * to list all spells.
Aiming: Freeze (safe; 1% risk of failure)
Press: ? - help, Shift-Dir - straight line, f - Sin92's ghost
Aim: Sin92's ghost (lightly damaged, ally target)
You freeze Sin92's ghost.
Sin92's ghost resists.
Sin92's ghost is lightly damaged.
Your ice beast hits Sin92's ghost but does no damage.
The wall freezes siradein's ghost!
Siradein's ghost points at you and mumbles some strange words.
The magic dart hits your ice beast.
Sin92's ghost resists.
The wall freezes Sin92's ghost.
Sin92's ghost hits you!!
* * * LOW HITPOINT WARNING * * *
Okay, then.
You hit Sin92's ghost but do no damage.
Sin92's ghost is lightly damaged.
Your ice beast hits siradein's ghost but does no damage.
The wall freezes siradein's ghost.
Siradein's ghost hits your ice beast.
You hit Sin92's ghost but do no damage.
Sin92's ghost is lightly damaged.
Sin92's ghost completely resists.
The wall freezes Sin92's ghost but does no damage.
Sin92's ghost hits you!
You die...

#### ##.## ###
##.♣⌠♣### #.#
#8....#.###.#
?.....#.....#
♣...$.'..####
⌠.....'..#
♣.....'..#
[.....#.W##########
#8....#..YW♣...(...
##.♣⌠♣#############
####


You could see Sin92's ghost, siradein's ghost (ally target) and a friendly ice
beast (summoned).

Vanquished Creatures
  Harold (D:8)
  Erica (D:8)
  Pikel (D:8)
  2 orc knights (D:9)
  A cyclops (D:9)
  2 unseen horrors (D:8)
  2 jumping spiders (D:8)
  A nameless horror (D:9)
  A redback (D:8)
  A wyvern (D:9)
  Eustachio (D:6)
  4 yaks (D:8)
  Menkaure (D:5)
  An acid dragon (D:9)
  A water moccasin (D:8)
  2 orc warriors
  Duvessa (D:6)
  A sky beast (D:5)
  2 centaurs
  A lemure (D:8)
  A phantom (D:5)
  2 kobold brigands
  2 bullfrogs
  Dowan (D:6)
  A scorpion (D:5)
  6 killer bees
  4 wights (D:8)
  7 howler monkeys
  3 centaur zombies
  A jelly (D:6)
  3 hounds
  7 orc priests
  A centaur skeleton (D:5)
  Natasha (thrice) (D:2)
  Terence (D:2)
  12 orc wizards
  3 iguanas
  A hound skeleton (D:4)
  2 howler monkey zombies (D:9)
  12 adders
  A white imp (D:6)
  An ufetubus (D:6)
  2 adder skeletons (D:4)
  2 worms (D:2)
  A dart slug (D:1)
  42 orcs
  8 endoplasms
  6 giant cockroaches
  7 goblins
  6 hobgoblins
  8 jackals
  5 quokkas
  4 ball pythons
  3 bats
  2 frilled lizards (D:1)
  11 kobolds
  3 rats (D:1)
213 creatures vanquished.

Vanquished Creatures (collateral kills)
  An orc (D:9)
1 creature vanquished.

Vanquished Creatures (others)
  Maurice (D:8)
  A kobold (D:5)
  2 plants (D:8)
4 creatures vanquished.

Grand Total: 218 creatures vanquished

Notes
Turn   | Place    | Note
-------+----------+-------------------------------------------
     0 | D:1      | voltaire321 the Deep Elf Ice Elementalist began the quest
                  | for the Orb.
     0 | D:1      | Reached XP level 1. HP: 10/10 MP: 6/6
   214 | D:1      | Reached XP level 2. HP: 16/16 MP: 4/8
  1015 | D:1      | Reached XP level 3. HP: 20/20 MP: 10/10
  1333 | D:1      | Learned a level 3 spell: Frozen Ramparts
  1337 | D:1      | Learned a level 3 spell: Ozocubu's Armour
  1444 | D:1      | Reached skill level 1 in Fighting
  1546 | D:2      | Found a shimmering altar of Xom.
  1561 | D:2      | Noticed Terence
  1567 | D:2      | Killed Terence
  1658 | D:2      | Reached XP level 4. HP: 21/25 MP: 6/11
  1828 | D:2      | Reached skill level 4 in Spellcasting
  1948 | D:2      | Noticed Natasha
  1955 | D:2      | Learned a level 4 spell: Hailstorm
  1973 | D:2      | Killed Natasha
  1974 | D:2      | Reached skill level 5 in Ice Magic
  1987 | D:2      | Noticed Natasha
  1992 | D:2      | Killed Natasha
  1993 | D:2      | Reached XP level 5. HP: 23/29 MP: 0/13
  2299 | D:2      | Noticed Natasha
  2303 | D:2      | Killed Natasha
  2304 | D:2      | Reached skill level 1 in Conjurations
  2355 | D:3      | Reached skill level 1 in Armour
  2510 | D:3      | Noticed a phantom
  3068 | D:3      | Found a faded altar of an unknown god.
  3147 | D:3      | Reached XP level 6. HP: 28/35 MP: 3/14
  3696 | D:4      | Noticed an orc warrior
  3703 | D:4      | Killed an orc warrior
  3704 | D:4      | Reached skill level 5 in Spellcasting
  4145 | D:4      | Reached XP level 7. HP: 40/40 MP: 10/16
  4215 | D:4      | Found a blossoming altar of Fedhas.
  4241 | D:4      | Noticed an oklob plant
  4940 | D:5      | Entered Level 5 of the Dungeon
  5393 | D:5      | Reached skill level 1 in Staves
  5393 | D:5      | Reached skill level 5 in Dodging
  5507 | D:5      | Noticed Menkaure
  5726 | D:5      | Killed Menkaure
  5727 | D:5      | Reached XP level 8. HP: 25/46 MP: 9/18
  6056 | D:6      | Noticed Dowan
  6058 | D:6      | Noticed Duvessa
  6251 | D:6      | Noticed Eustachio
  6271 | D:6      | Killed Eustachio
  6272 | D:6      | Reached skill level 6 in Spellcasting
  6812 | D:6      | Killed Duvessa
  6825 | D:6      | Killed Dowan
  7061 | D:6      | Learned a level 4 spell: Ice Form
  7066 | D:6      | Learned a level 4 spell: Summon Ice Beast
  7881 | D:7      | Found a staircase to the Ecumenical Temple.
  7889 | D:7      | Reached XP level 9. HP: 40/52 MP: 14/21
  7958 | Temple   | Entered the Ecumenical Temple
  7964 | Temple   | Became a worshipper of Vehumet
  8478 | D:8      | Killed an unseen horror
  8479 | D:8      | Reached skill level 7 in Spellcasting
  8479 | D:8      | Reached skill level 5 in Conjurations
  8647 | D:8      | Found Givycar's Armour Emporium.
  8778 | D:8      | Killed an unseen horror
  9064 | D:8      | Reached skill level 8 in Spellcasting
  9210 | D:8      | Noticed Harold
  9221 | D:8      | Killed Harold
  9222 | D:8      | Reached XP level 10. HP: 50/58 MP: 15/24
  9385 | D:8      | Noticed Pikel
  9391 | D:8      | Killed Pikel
  9392 | D:8      | Reached skill level 5 in Fighting
  9392 | D:8      | Reached skill level 5 in Staves
  9594 | D:8      | Noticed Maurice
  9606 | D:8      | Killed Maurice
  9742 | D:8      | Found a runed translucent door.
  9782 | D:8      | Reached * piety under Vehumet
  9782 | D:8      | Offered knowledge of Sandblast by Vehumet.
  9784 | D:8      | Identified the +1 hat "Kyuliyr" {Contam rPois rF+ SInv}
  9789 | D:8      | Reached skill level 9 in Spellcasting
  9817 | D:8      | Found a runed translucent gate.
  9817 | D:8      | Found a runed translucent gate.
  9817 | D:8      | Found a runed translucent gate.
  9817 | D:8      | Found a runed translucent gate.
  9817 | D:8      | Found a runed translucent gate.
  9817 | D:8      | Noticed a boulder beetle
  9817 | D:8      | Noticed a lindwurm
  9817 | D:8      | Noticed a boulder beetle
  9820 | D:8      | Found a runed translucent gate.
 10103 | D:9      | Found a runed translucent door.
 10130 | D:9      | Noticed a cyclops
 10150 | D:9      | Killed a cyclops
 10246 | D:8      | Noticed Erica
 10255 | D:8      | Killed Erica
 10526 | D:9      | Identified the +2 leather armour of Qymnugoe {rN+++ Str+3
                  | Int-3 Slay+5}
 10686 | D:9      | Offered knowledge of Magic Dart by Vehumet.
 10689 | D:9      | Learned a level 1 spell: Magic Dart
 10702 | D:9      | Reached ** piety under Vehumet
 10728 | D:9      | Learned a level 4 spell: Airstrike
 10963 | D:9      | Noticed an orc knight
 10965 | D:9      | Noticed an orc knight
 11150 | D:9      | Noticed a nameless horror
 11171 | D:9      | Killed a nameless horror
 11182 | D:9      | Killed an orc knight
 11183 | D:9      | Reached XP level 11. HP: 47/64 MP: 6/26
 11411 | D:9      | Killed an orc knight
 11412 | D:9      | Reached skill level 1 in Air Magic
 11578 | D:10     | Entered Level 10 of the Dungeon
 11610 | D:10     | Found a runed translucent gate.
 11610 | D:10     | Found a runed translucent gate.
 11610 | D:10     | Found a runed translucent gate.
 11612 | D:10     | Noticed Sin92's ghost (journeyman MiFi)
 11612 | D:10     | Noticed siradein's ghost (journeyman DECj)
 11642 | D:10     | Slain by Sin92's ghost

Illustrated notes

Levels and vault maps discovered:
D:1:      lightli_arrival_lavapool, layout_basic
D:2:      layout_rooms, basic_altar, uniq_natasha, uniq_terence
D:3:      layout_loops_cross, chequers_ecumenical_altar_simple,
          kennysheep_cross_bottleneck
D:4:      layout_basic, tgw_fedhas, serial_glass, glass_columns_b,
          glass_columns_b
D:5:      layout_loops_ring, uniq_menkaure
D:6:      layout_basic, uniq_eustachio, uniq_duvessa
D:7:      layout_basic, minmay_temple_entry_nine_rooms
D:8:      gammafunk_indiana_jones, layout_loops_cross, serial_shops, shop,
          uniq_pikel, uniq_harold, uniq_maurice, uniq_erica
D:9:      layout_long_grid, lightli_church_of_beogh
D:10:     layout_loops_corners, david_orc_5, gammafunk_ghost_cemetery,
          mrwooster_statue_mirror, nrook_mini_vaults, kennysheep_flooded_box,
          chequers_serial_rivers_small_3, nicolae_wooded_promenade,
          hangedman_corner_corridor
Temple:   nicolae_temple_the_god_donut

Skill      XL: |  1  2  3  4  5  6  7  8  9 10 11 |
---------------+----------------------------------+-----
Dodging        | 3 4 5 6 7 8 |  8.8
Fighting       | 1 2 3 4 5 |  5.7
Spellcasting   | 4 5 6 8 9 |  9.7
Ice Magic      | 5 6 7 8 |  8.9
Conjurations   | 1 2 3 4 6 7 |  7.3
Armour         | 1 2 3 |  3.0
Staves         | 1 3 4 6 |  6.0
Air Magic      | 1 |  1.0
Stealth        | |  2.4

Action                   |  1- 3 |  4- 6 |  7- 9 | 10-12 || total
-------------------------+-------+-------+-------+-------++-------
Melee: Dagger            |    15 |    70 |    41 |       ||   126
       Staff             |       |       |   125 |    73 ||   198
       Trident           |       |       |    10 |       ||    10
Throw: Dart              |       |     4 |    27 |     5 ||    36
 Cast: Freeze            |    53 |    44 |    51 |    25 ||   173
       Frozen Ramparts   |     1 |    18 |    34 |    25 ||    78
       Ozocubu's Armour  |     1 |    14 |    34 |    18 ||    67
       Magic Dart        |       |       |       |    10 ||    10
       Summon Ice Beast  |       |       |       |     9 ||     9
       Ice Form          |       |       |       |     1 ||     1
Evoke: Wand              |       |     2 |       |    17 ||    19
  Use: Scroll            |       |     4 |     5 |     7 ||    16
       Potion            |       |       |       |     3 ||     3
 Stab: Sleeping          |     3 |     4 |     2 |       ||     9
       Distracted        |       |       |       |     1 ||     1
Armor: Robe              |     9 |    36 |   127 |    15 ||   187
       Skin              |       |       |       |     1 ||     1
Dodge: Dodged            |    41 |    61 |   295 |    96 ||   493

Table legend: (Time is in decaauts)
 A = Elapsed time spent in this place.
 B = Non-inter-level travel time spent in this place.
 C = Inter-level travel time spent in this place.
 D = Time resting spent in this place.
 E = Time spent auto-exploring this place.
 F = Levels seen in this place.
 G = Mean time per level.
                   A        B        C        D        E       F      G
               +--------+--------+--------+--------+--------+-----+--------+
         Total |  11659 |  10901 |    758 |   2930 |   5142 |  11 | 1059.9 |
       Dungeon |  11406 |  10667 |    739 |   2930 |   4916 |  10 | 1140.6 |
        Temple |    252 |    233 |     19 |      0 |    226 |   1 |  252.0 |
               +--------+--------+--------+--------+--------+-----+--------+

Top non-repeatable levels by time:
     D:8: 1665 daAuts
     D:1: 1543 daAuts
     D:9: 1443 daAuts
     D:4: 1335 daAuts
     D:5: 1270 daAuts
     D:3: 1071 daAuts
     D:6: 1067 daAuts
     D:2: 1001 daAuts
     D:7: 943 daAuts
  Temple: 252 daAuts
    D:10: 63 daAuts
